 Dungeon Crawl Stone Soup version 0.30-a0-1006-g5d778dfbfc (webtiles) character file.

Game seed: 10228095440389731987

185 Arcadio the Sneak (level 5, 0/41 HPs)
             Began as a Vampire Brigand on Apr 5, 2023.
             Splashed by a jelly's acid (9 damage)
             ... on level 4 of the Dungeon.
             The game lasted 00:06:03 (2274 turns).

Arcadio the Sneak (Vampire Brigand)                 Turns: 2274, Time: 00:06:03

Health: 0/41       AC: -5    Str: 10    XL:     5   Next: 37%
Magic:  5/5        EV: 12    Int: 13    God:
Gold:   133        SH:  0    Dex: 24    Spells: 4/4 levels left

rFire   . . .      SeeInvis +    a - +2 dagger
rCold   . . .      Faith    .    (no shield)
rNeg    . . .      Spirit   .    b - +0 robe
rPois   .          Reflect  .    (no helmet)
rElec   .          Rampage  .    c - +0 cloak
rCorr   .                        (no gloves)
Will    .....                    (no boots)
Stlth   ++++                     g - amulet of the acrobat
HPRegen 0.46/turn                n - +6 ring of dexterity
MPRegen 0.09/turn                (no ring)

@: corroded, healing quickly
A: alive, fangs 3, see invisible, vampiric 2
a: Exsanguinate


You were on level 4 of the Dungeon.
You visited 1 branch of the dungeon, and saw 4 of its levels.
You also visited: Sewer.

You collected 133 gold pieces.

Inventory:

Hand Weapons
 a - a +2 dagger (weapon)
Missiles
 d - 9 poisoned darts (quivered)
 e - 3 curare-tipped darts
 l - a throwing net
Armour
 b - a +0 robe (worn)
 c - a +0 cloak (worn)
 r - a +0 kite shield
Jewellery
 g - an amulet of the acrobat (around neck)
 k - an amulet of magic regeneration
 n - a +6 ring of dexterity (left hand)
Wands
 p - a wand of flame (31)
Scrolls
 h - 2 scrolls of enchant weapon
 j - 3 scrolls of teleportation
Potions
 f - a potion of flight {unknown}
 m - a potion of invisibility
 o - a potion of lignification {unknown}


   Skills:
 + Level 3.2 Fighting
 + Level 3.9 Short Blades
 - Level 1.5 Throwing
 - Level 1.1 Dodging
 + Level 7.6 Stealth


You had 4 spell levels left.
You didn't know any spells.
Your spell library contained the following spells:

 Spells                   Type           Power      Damage    Failure   Level
 Ozocubu's Armour         Ice            0%         N/A       67%         3
 Ozocubu's Refrigeration  Ice            0%         4d7       100%        7


Dungeon Overview and Level Annotations

Branches:
Dungeon (4/15) Zot: 21793   Sewer (visited)
 Temple: D:4-7

Altars:


Innate Abilities, Weirdness & Mutations

Your natural rate of healing is accelerated.
You have razor-sharp teeth.
You have supernaturally acute eyesight. (SInv)
You are afflicted with vampirism and can become a bat while bloodless.


Message History

You enter the shallow water.
Moving in this stuff is going to be slow.
A kobold comes into view. It is wielding a +0 short sword.
A kobold is nearby!
You see here a giant cockroach corpse.
You see here a giant cockroach corpse.
There is an open door here.
You hear a slurping noise.
The jelly eats the door!
A jelly comes into view.
The jelly quivers.
The kobold shouts!
You hit the kobold.
You kill the kobold!
A dart slug comes into view.
Items here: ! ) ? †.
You hit the jelly.
Your hands burn!
The jelly is moderately wounded.
You hit the jelly.
Your hands burn!
The jelly is heavily wounded.
The jelly hits you but does no damage.
You hit the jelly.
Your hands burn!
The jelly is heavily wounded.
The jelly hits you.
You are splashed with acid.
You hit the jelly but do no damage.
Your hands burn!
The jelly is heavily wounded.
The dart slug launches a dart at you. The slug dart misses you.
The jelly hits you. The acid corrodes you!
You are splashed with acid!
You hit the jelly. The acid corrodes you!
Your hands burn!
The jelly is heavily wounded.
The jelly misses you.
You hit the jelly but do no damage.
Your hands burn!
* * * LOW HITPOINT WARNING * * *
You punch the jelly. You bite the jelly, but do no damage.
The jelly is severely wounded.
The jelly attacks as you move away! The jelly hits you.
* * * LOW HITPOINT WARNING * * *
You are splashed with acid!
You die...

......######
#.###......# #.#
#......###
#.###........##
...##......#..#####
.[..........#.....######
........................
>..###.####...#.........
##.#~###~~##'..J@.......
##.#.'~~~~††#...........
##.#~†~~~~~~#...........
##.#~###~~##....w$......
##.### ####..#...$......
##.. ...##.#####..#. #
#### ... .... . .### ...
.


You could see a jelly and a dart slug.

Vanquished Creatures
  Ijyb (D:3)
  Robin (D:3)
  5 adders
  2 worms
  3 dart slugs
  A bat (D:1)
  6 endoplasms
  6 giant cockroaches
  19 goblins
  11 hobgoblins
  4 jackals (D:2)
  5 quokkas
  3 ball pythons
  7 frilled lizards
  5 kobolds
  6 rats
85 creatures vanquished.

Notes
Turn   | Place    | Note
-------+----------+-------------------------------------------
     0 | D:1      | Arcadio the Vampire Brigand began the quest for the Orb.
     0 | D:1      | Reached XP level 1. HP: 16/16 MP: 1/1
   100 | D:1      | Reached skill level 6 in Stealth
   116 | D:1      | Reached XP level 2. HP: 22/22 MP: 2/2
   611 | D:2      | Gained mutation: You are afflicted with vampirism and can
                  | become a bat while bloodless. [Vampire growth]
   611 | D:2      | Reached XP level 3. HP: 27/27 MP: 3/3
  1361 | D:3      | Reached XP level 4. HP: 34/34 MP: 4/4
  1517 | D:3      | Reached skill level 7 in Stealth
  1545 | D:3      | Noticed Robin
  1593 | D:3      | Killed Robin
  1689 | D:3      | Noticed Ijyb
  1694 | D:3      | Killed Ijyb
  1695 | D:3      | Reached XP level 5. HP: 41/41 MP: 5/5
  2156 | D:4      | Identified the +0 ring mail of the Devil's Advocate {*Slow
                  | rF+++ rN+ Will+}
  2211 | D:4      | Found a glowing drain.
  2215 | Sewer    | Entered a sewer
  2229 | Sewer    | Noticed Pargi
  2274 | D:4      | Splashed by a jelly's acid

Illustrated notes

Levels and vault maps discovered:
D:1:      scummos_arrival_star, layout_basic, minmay_distorted
D:2:      cheibrodos_greedy_goblins, layout_basic
D:3:      layout_loops_cross, overflow_temple_1_default, uniq_robin, uniq_ijyb
D:4:      layout_rooms, kiku_gazebo_pond_becter, gup_sewer_entry_bowl,
          uniq_blork_the_orc

Skill      XL: |  1  2  3  4 |
---------------+-------------+-----
Stealth        | 6 7 |  7.6
Fighting       | 2 3 |  3.2
Short Blades   | 3 |  3.9
Throwing       | |  1.5
Dodging        | |  1.1

Action                     |  1- 3 |  4- 6 || total
---------------------------+-------+-------++-------
  Melee: Dagger            |   123 |   110 ||   233
         Bite              |     5 |    15 ||    20
         Punch             |       |     1 ||     1
    Use: Scroll            |     3 |     3 ||     6
         Potion            |       |     1 ||     1
   Stab: Sleeping          |    14 |     7 ||    21
         Distracted        |       |     1 ||     1
 Armour: Robe              |    22 |     8 ||    30
  Dodge: Dodged            |    74 |    74 ||   148

Table legend: (Time is in decaauts)
 A = Elapsed time spent in this place.
 B = Non-inter-level travel time spent in this place.
 C = Inter-level travel time spent in this place.
 D = Time resting spent in this place.
 E = Time spent auto-exploring this place.
 F = Levels seen in this place.
 G = Mean time per level.
                   A        B        C        D        E       F      G
               +--------+--------+--------+--------+--------+-----+--------+
         Total |   2258 |   2222 |     36 |      0 |   1565 |   5 |  451.6 |
       Dungeon |   2206 |   2170 |     36 |      0 |   1555 |   4 |  551.5 |
         Sewer |     52 |     52 |      0 |      0 |     10 |   1 |   52.0 |
               +--------+--------+--------+--------+--------+-----+--------+

Top non-repeatable levels by time:
     D:3: 823 daAuts
     D:2: 703 daAuts
     D:1: 549 daAuts
     D:4: 130 daAuts
   Sewer: 52 daAuts
